 Dungeon Crawl Stone Soup version 0.29.1-13-g9f3cf754e1 (webtiles) character file.

Game seed: 17216050319832475207

14717 Kold the Earth Mage (level 12, -10/59 HPs)
             Began as a Gargoyle Earth Elementalist on Jan 31, 2023.
             Was a Follower of Vehumet.
             Hit by a large rock thrown by a cyclops (31 damage)
             ... on level 12 of the Dungeon.
             The game lasted 00:35:02 (17382 turns).

Kold the Earth Mage (Gargoyle Earth Elementalist)  Turns: 17382, Time: 00:35:04

Health: -10/59     AC: 12    Str: 14    XL:     12   Next: 19%
Magic:  6/15       EV: 11    Int: 33    God:    Vehumet [*.....]
Gold:   419        SH:  0    Dex: 10    Spells: 9/15 levels left

rFire   . . .      SeeInvis .   G - +5 hand axe "Edang" {elec, rElec Str+2}
rCold   . . .      Faith    +   (no shield)
rNeg    + . .      Spirit   .   a - +0 robe
rPois   ∞          Reflect  .   y - +0 helmet
rElec   +          Harm     .   N - scarf {shadows}
rCorr   .          Rampage  .   (no gloves)
Will    .....                   g - +0 pair of boots
Stlth   ++........              w - amulet of faith
HPRegen 0.19/turn               s - +6 ring of intelligence
MPRegen 0.14/turn               B - +6 ring of intelligence

@: no status effects
A: sickness immunity, AC +8, negative energy resistance 1, electricity
resistance, torment resistance 1, petrification resistance
a: Renounce Religion


You were on level 12 of the Dungeon.
You worshipped Vehumet.
Vehumet was aware of your devotion.
You visited 3 branches of the dungeon, and saw 14 of its levels.

You collected 899 gold pieces.
You spent 480 gold pieces at shops.

Inventory:

Hand Weapons
 m - a +1 hand axe of venom
 G - the +5 hand axe "Edang" (weapon) {elec, rElec Str+2}
   (You took it off an orc on level 4 of the Dungeon)

   It occasionally discharges a powerful burst of electricity upon striking a
   foe.
   Str:       It affects your strength (+2).
   rElec:     It insulates you from electricity.
Missiles
 i - 3 throwing nets
Armour
 a - a +0 robe (worn)
 g - a +0 pair of boots (worn)
 p - a +1 cloak
 y - a +0 helmet (worn)
 N - a scarf of shadows (worn)
Magical Staves
 v - a staff of death
 R - a staff of poison
Jewellery
 s - a +6 ring of intelligence (left hand)
 w - an amulet of faith (around neck)
 x - a +4 ring of slaying
 B - a +6 ring of intelligence (right hand)
 E - a ring of protection from fire
 I - a ring of resist corrosion
 J - a +6 ring of strength
 P - a ring of wizardry
 Q - a ring of fire
Wands
 k - a wand of flame (8)
 l - a wand of quicksilver (13)
 u - a wand of digging (5)
 H - a wand of roots (19)
 L - a wand of charming (6)
 M - a wand of mindburst (5)
Scrolls
 b - a scroll of poison
 c - a scroll of blinking
 d - 4 scrolls of enchant armour
 e - 2 scrolls of teleportation
 o - a scroll of fear
 q - 2 scrolls of brand weapon
 r - a scroll of fog
 F - 2 scrolls of amnesia
 K - 2 scrolls of magic mapping
 O - a scroll of enchant weapon
Potions
 f - 5 potions of degeneration
 h - a potion of attraction
 j - 3 potions of ambrosia
 n - 5 potions of lignification
 t - 2 potions of brilliance
 z - 6 potions of curing
 A - a potion of cancellation
 C - a potion of mutation
 D - 3 potions of flight
 S - 3 potions of haste


   Skills:
 - Level 5.0 Axes
 - Level 1.5 Dodging
 - Level 2.1 Stealth
 - Level 2.0 Spellcasting
 + Level 13.4 Conjurations
 - Level 2.0 Transmutations
 + Level 16.4 Earth Magic


You had 9 spell levels left.
You knew the following spells:

 Your Spells              Type           Power      Damage    Failure   Level
a - Sandblast             Erth           100%       2d20      0%          1
b - Stone Arrow           Conj/Erth      100%       3d13      1%          3
c - Passwall              Tmut/Erth      49%        N/A       1%          2

Your spell library contained the following spells:

 Spells                   Type           Power      Damage    Failure   Level
 Static Discharge         Conj/Air       47%        3-9/arc   1%          2
 Magic Dart               Conj           100%       1d8       1%          1
 Petrify                  Tmut/Erth      59%        N/A       1%          4
 Animate Armour           Summ/Erth      100%       N/A       2%          4
 Mephitic Cloud           Conj/Pois/Air  32%        N/A       3%          3
 Summon Small Mammal      Summ           12%        N/A       6%          1
 Call Imp                 Summ           3%         N/A       10%         2
 Ensorcelled Hibernation  Hex/Ice        6%         N/A       10%         2
 Call Canine Familiar     Summ           3%         N/A       19%         3
 Gell's Gravitas          Tloc           3%         N/A       19%         3
 Ozocubu's Armour         Ice            3%         N/A       19%         3
 Summon Guardian Golem    Hex/Summ       3%         N/A       19%         3
 Swiftness                Air            3%         N/A       19%         3
 Teleport Other           Tloc           3%         N/A       19%         3
 Tukima's Dance           Hex            3%         N/A       19%         3
 Cause Fear               Hex            1%         N/A       54%         4
 Passage of Golubria      Tloc           3%         N/A       54%         4
 Lehudib's Crystal Spear  Conj/Erth      40%        10d10     67%         8
 Yara's Violent Unravell  Hex/Tmut       4%         3d4       75%         5
 Metabolic Englaciation   Hex/Ice        1%         N/A       87%         5
 Dispersal                Tloc           1%         N/A       100%        6
 Simulacrum               Ice/Necr       1%         N/A       100%        6
 Dragon Form              Tmut           8%         N/A       100%        7
 Dragon's Call            Summ           1%         N/A       100%        9


Dungeon Overview and Level Annotations

Branches:
Dungeon (12/15)            Temple (1/1) D:7            Lair (1/5) D:11
    Orc (0/2) D:9

Altars:
Ashenzari
Cheibriados
Dithmenos
Elyvilon
Fedhas
Gozag
Hepliaklqana
Kikubaaqudgha
Makhleb
Nemelex Xobeh
Okawaru
Qazlal
Ru
Sif Muna
Trog
Uskayaw
Vehumet
Wu Jian
Xom
Yredelemnul
Zin
The Shining One

Shops:
D:1 (   D:9 *   D:10 *

Annotations:
D:8 exclusion: oklob plant


Innate Abilities, Weirdness & Mutations

You are immune to sickness and miasma.
Your stone body is resilient. (AC +8)
You are immune to poison.
You resist negative energy. (rN+)
You are resistant to electric shocks. (rElec)
You are resistant to unholy torment.
You are immune to petrification.


Message History

Reactivating autopickup.
You feel a bit more experienced.
A cyclops comes into view.
Items here: $ ) = ? [.
The cyclops shouts!
The cyclops throws a large rock.
The large rock hits you! What are your orders? t - Shout!
Orders for allies: a - Attack new target. r - Retreat! s - Stop attacking. g - Guard the area. f - Follow me.
Anything else - Cancel.
You shout for attention!
You start resting.
A cyclops is nearby!
Casting: Stone Arrow (safe; 1% risk of failure)
Confirm with . or Enter, or press ? or * to list all spells.
Aiming: Sandblast (safe; 0% risk of failure)
Press: ? - help, Shift-Dir - straight line, f - cyclops
Aim: a cyclops, quivering large rocks (99% to hit)
The blast of sand hits the cyclops but does no damage.
Casting: Sandblast (safe; 0% risk of failure)
Confirm with . or Enter, or press ? or * to list all spells.
Aiming: Sandblast (safe; 0% risk of failure)
Press: ? - help, Shift-Dir - straight line, f/p - cyclops
Aim: a cyclops, quivering large rocks (99% to hit)
The blast of sand hits the cyclops.
The cyclops is lightly wounded.
The cyclops throws a large rock.
The large rock hits you!!
Unknown command.
Casting: Sandblast (safe; 0% risk of failure)
Confirm with . or Enter, or press ? or * to list all spells.
Aiming: Stone Arrow (safe; 1% risk of failure)
Press: ? - help, Shift-Dir - straight line, f/p - cyclops
Aim: a cyclops, quivering large rocks (lightly wounded, 98% to hit)
The stone arrow hits the cyclops!!
The cyclops is heavily wounded.
The cyclops throws a large rock.
The large rock hits you!!
Ouch! That really hurt!
You die...

.................................
#####..##...#.##+#...............
..............................#.#
#####..................##.......#
#..##.###..#.#.....##........
#..##.# #.....<..............
#####..##.###...##.....##........
#...#..##..............###.##....
#............C..@................
#...#.#.#########################
#...#.#.# O. ##'##.#.# #...
#.##.#.#..#.. #.##.#.#...#.
#.##.#.#....# #(##.#.......
#.##.#.......


You could see a cyclops.

Vanquished Creatures
  Snorg (D:11)
  Erica (D:8)
  A two-headed ogre (D:9)
  A deep elf knight (D:12)
  Pikel (D:5)
  A manticore (D:12)
  3 cyclopes
  A black mamba (D:11)
  Maurice (D:8)
  A gargoyle (D:11)
  A cane toad (D:11)
  Prince Ribbit (D:5)
  A troll (D:11)
  A shadow (D:11)
  A wraith (D:12)
  Sigmund (D:4)
  20 yaks
  Eustachio (D:5)
  2 wyverns
  A vampire mosquito (D:12)
  Edmund (D:3)
  Duvessa (D:4)
  An acid dragon (D:12)
  3 water moccasins
  A sky beast (D:8)
  3 orc warriors (D:9)
  An ogre (D:4)
  4 centaurs
  A lemure (D:6)
  A phantom (D:5)
  2 kobold brigands
  A gnoll sergeant (D:6)
  2 bullfrogs
  4 scorpions
  3 necrophages (D:5)
  A water moccasin zombie (D:5)
  20 wights
  Dowan (D:3)
  7 howler monkeys
  2 bullfrog zombies (D:5)
  8 hounds
  A human zombie (D:5)
  A jelly (D:5)
  7 orc priests
  A gnoll bouda (D:7)
  6 iguanas
  8 orc wizards
  A scorpion zombie (D:5)
  A mummy (D:5)
  9 gnolls
  10 adders
  2 shadow imps
  4 white imps
  2 ufetubi
  An adder zombie (D:5)
  4 dart slugs
  36 orcs
  6 ball pythons
  9 endoplasms
  8 giant cockroaches
  6 goblins
  5 hobgoblins
  6 jackals
  A quokka (D:2)
  6 bats
  2 frilled lizards
  11 kobolds
  5 rats
269 creatures vanquished.

Vanquished Creatures (others)
  3 fungi
  4 plants
7 creatures vanquished.

Grand Total: 276 creatures vanquished

Notes
Turn   | Place    | Note
-------+----------+-------------------------------------------
     0 | D:1      | Kold the Gargoyle Earth Elementalist began the quest for
                  | the Orb.
     0 | D:1      | Reached XP level 1. HP: 10/10 MP: 3/3
   103 | D:1      | Reached skill level 1 in Transmutations
   104 | D:1      | Reached skill level 4 in Earth Magic
   112 | D:1      | Reached XP level 2. HP: 15/15 MP: 0/5
   796 | D:1      | Found Niubam's Antique Weapon Shop.
  1170 | D:2      | Reached XP level 3. HP: 18/19 MP: 2/6
  1330 | D:2      | Learned a level 3 spell: Stone Arrow
  1451 | D:2      | Found a faded altar of an unknown god.
  1684 | D:2      | Reached skill level 5 in Earth Magic
  1829 | D:2      | Reached XP level 4. HP: 21/24 MP: 2/7
  2287 | D:3      | Reached skill level 1 in Conjurations
  2471 | D:3      | Reached XP level 5. HP: 16/28 MP: 1/8
  2865 | D:3      | Found a sparkling altar of Nemelex Xobeh.
  2977 | D:3      | Found a sacrificial altar of Ru.
  3427 | D:3      | Reached skill level 6 in Earth Magic
  3635 | D:4      | Reached XP level 6. HP: 26/32 MP: 2/9
  3749 | D:3      | Reached skill level 7 in Earth Magic
  3920 | D:4      | Noticed Sigmund
  3937 | D:4      | Killed Sigmund
  3938 | D:4      | Reached XP level 7. HP: 29/36 MP: 3/10
  4203 | D:4      | Reached skill level 8 in Earth Magic
  4508 | D:4      | Noticed Edmund
  4531 | D:4      | Identified the +5 hand axe "Edang" {elec, rElec Str+2}
  5203 | D:4      | Noticed Duvessa
  5203 | D:4      | Noticed Dowan
  5221 | D:5      | Entered Level 5 of the Dungeon
  5224 | D:5      | Reached skill level 1 in Axes
  5417 | D:5      | Reached skill level 9 in Earth Magic
  5418 | D:5      | Reached XP level 8. HP: 35/41 MP: 7/11
  5489 | D:5      | Noticed Prince Ribbit
  5492 | D:5      | Killed Prince Ribbit
  5492 | D:5      | Noticed Eustachio
  5493 | D:5      | Reached skill level 5 in Conjurations
  5654 | D:5      | Killed Eustachio
  5655 | D:5      | Reached skill level 10 in Earth Magic
  6025 | D:5      | Reached XP level 9. HP: 40/45 MP: 2/12
  6119 | D:5      | Found a basalt altar of Yredelemnul.
  6622 | D:5      | Reached skill level 11 in Earth Magic
  6872 | D:5      | Found an ancient bone altar of Kikubaaqudgha.
  6988 | D:4      | Killed Duvessa
  7008 | D:3      | Killed Dowan
  7251 | D:3      | Killed Edmund
  8042 | D:6      | Noticed Pikel
  8047 | D:6      | Reached skill level 5 in Axes
  8082 | D:5      | Killed Pikel
  8083 | D:5      | Reached skill level 12 in Earth Magic
  8083 | D:5      | Reached XP level 10. HP: 27/50 MP: 2/13
  8229 | D:5      | Learned a level 2 spell: Passwall
  8733 | D:7      | Found a burning altar of Makhleb.
  8748 | D:7      | Found a staircase to the Ecumenical Temple.
  8772 | Temple   | Entered the Ecumenical Temple
  8847 | Temple   | Became a worshipper of Vehumet
  8863 | D:7      | Found a glowing silver altar of Zin.
  8866 | D:7      | Found a stormy altar of Qazlal.
  8866 | D:7      | Found an iron altar of Okawaru.
  8872 | D:7      | Found a shimmering blue altar of Sif Muna.
  9719 | D:8      | Noticed Maurice
  9845 | D:8      | Found an opulent altar of Gozag.
  9930 | D:8      | Reached * piety under Vehumet
  9930 | D:8      | Offered knowledge of Shock by Vehumet.
  9933 | D:8      | Reached skill level 13 in Earth Magic
 10125 | D:8      | Noticed Erica
 10136 | D:8      | Killed Erica
 10347 | D:8      | Reached skill level 10 in Conjurations
 10391 | D:8      | Found a blossoming altar of Fedhas.
 10402 | D:8      | Noticed an oklob plant
 10459 | D:8      | Killed Maurice
 11104 | D:9      | Noticed a two-headed ogre
 11131 | D:9      | Found Ebbap's Neck Hole.
 11142 | D:9      | Bought a scarf of shadows for 168 gold pieces
 11345 | D:9      | Found a broken altar of Ashenzari.
 11387 | D:9      | Killed a two-headed ogre
 11388 | D:9      | Reached skill level 14 in Earth Magic
 11388 | D:9      | Reached XP level 11. HP: 54/54 MP: 3/14
 11549 | D:9      | Found a bloodstained altar of Trog.
 12174 | D:9      | Found a staircase to the Orcish Mines.
 12638 | D:10     | Entered Level 10 of the Dungeon
 12653 | D:10     | Found a sparkling altar of Nemelex Xobeh.
 12751 | D:10     | Found an ornate altar of the Wu Jian Council.
 12818 | D:10     | Found a hide-covered altar of Uskayaw.
 12876 | D:10     | Found Gyttaipt's Assorted Antiques.
 12883 | D:10     | Bought a knobbly jewelled staff for 312 gold pieces
 12996 | D:10     | Found a shimmering altar of Xom.
 13370 | D:10     | Found an opulent altar of Gozag.
 13478 | D:11     | Noticed Snorg
 13481 | D:11     | Noticed a cyclops
 13485 | D:11     | Killed Snorg
 13735 | D:11     | Reached skill level 15 in Earth Magic
 14250 | D:11     | Offered knowledge of Static Discharge by Vehumet.
 14341 | D:11     | Noticed a cyclops
 14374 | D:11     | Killed a cyclops
 14374 | D:11     | Reached ** piety under Vehumet
 14598 | D:11     | Found a staircase to the Lair.
 14687 | D:11     | Noticed a boulder beetle
 15233 | D:11     | Killed a cyclops
 15600 | Lair:1   | Entered Level 1 of the Lair of Beasts
 15608 | D:11     | Reached skill level 16 in Earth Magic
 15608 | D:11     | Reached XP level 12. HP: 26/59 MP: 6/15
 16844 | D:12     | Noticed a two-headed ogre
 17345 | D:12     | Noticed a deep elf knight
 17351 | D:12     | Killed a deep elf knight
 17382 | D:12     | Hit by a large rock thrown by a cyclops

Illustrated notes

Levels and vault maps discovered:
D:1:      spicycebolla_arrival_xxxplode, layout_basic, serial_shops, shop,
          hangedman_decor_riveting, minmay_circled_x
D:2:      layout_loops_ring, chequers_ecumenical_altar_lobes, minmay_quantized
D:3:      layout_loops_cross, nemelex_dance_club_becter,
          nicolae_ru_the_path_less_chosen
D:4:      layout_cave_pools, grunt_ministairs_10, minmay_statues_item,
          solitary_fountain, minmay_fractal_squares_5, uniq_edmund,
          uniq_duvessa, uniq_sigmund
D:5:      layout_loops_corners, lemuel_mausoleum_altar_yredelemnul,
          general_overflow_altar, corexii_leaking_fountain, uniq_eustachio,
          uniq_prince_ribbit1
D:6:      layout_basic, uniq_pikel
D:7:      layout_basic, overflow_temple_1_default, grunt_temple_overflow_open,
          minmay_temple_entry_large_hall
D:8:      layout_cave_pools, grunt_gozag_breadcrumbs, tgw_fedhas, nrook_uturn,
          hangedman_decor_push, serial_park_tiny_2, uniq_erica, uniq_maurice
D:9:      layout_irregular_city, mainiacjoe_overflow_alcove_4,
          mainiacjoe_overflow_concentric_impassable, orc_0_dummy,
          nicolae_shop_sticking_my_neck_out
D:10:     layout_basic, lemuel_doored_altar, amcnicky_altar_gilded,
          nzn_wu_jian_council_hall, serial_shops, nicolae_shop_trees,
          hangedman_feature_mirror
D:11:     layout_basic, lair_entry_dummy, uniq_snorg
D:12:     minmay_big_diamond_grid, layout_basic
Temple:   nicolae_temple_two_arcs
Lair:1:   layout_roguey, ebering_ghost_funeral_grove, lemuel_fruit_fields

Skill      XL: |  1  2  3  4  5  6  7  8  9 10 11 12 |
---------------+-------------------------------------+-----
Transmutations | 1 2 |  2.0
Earth Magic    | 4 5 6 7 9 10 12 14 16 | 16.4
Conjurations   | 1 2 3 4 6 8 10 12 13 | 13.4
Axes           | 1 3 5 |  5.0
Dodging        | |  1.5
Stealth        | |  2.1
Spellcasting   | |  2.0

Action                   |  1- 3 |  4- 6 |  7- 9 | 10-12 || total
-------------------------+-------+-------+-------+-------++-------
Melee: Unarmed           |    23 |       |       |       ||    23
       Hand axe          |       |     4 |    44 |    30 ||    78
       Punch             |       |       |     2 |       ||     2
 Cast: Sandblast         |    51 |    77 |    63 |   133 ||   324
       Stone Arrow       |       |     6 |    61 |   116 ||   183
Evoke: Wand              |       |       |       |     3 ||     3
  Use: Scroll            |       |     1 |    13 |    17 ||    31
       Potion            |       |       |     3 |     5 ||     8
 Stab: Sleeping          |       |       |     2 |       ||     2
Armor: Robe              |    20 |    24 |    47 |    61 ||   152
Dodge: Dodged            |    26 |    44 |    61 |    72 ||   203
